 Dungeon Crawl Stone Soup version 0.22-a0-32-ga749362 (webtiles) character file.

109554 Gorglomux the Lord of Darkness (level 16, -10/96 HPs)
             Began as a Deep Elf Necromancer on Jan 3, 2018.
             Was the Champion of Kikubaaqudgha.
             Mangled by a naga warrior
             ... wielding a +0 scimitar
              (12 damage)
             ... on level 2 of the Snake Pit.
             The game lasted 01:26:24 (24127 turns).

Gorglomux the Lord of Darkness (DENe)              Turns: 24127, Time: 01:26:28

Health: -10/96     AC:  8    Str:  5    XL:     16   Next: 5%
Magic:  31/46      EV: 19    Int: 35    God:    Kikubaaqudgha [******]
Gold:   1297       SH:  0    Dex: 15    Spells: 3/46 levels left

rFire    . . .     SeeInvis +   g - +9 scimitar "Bom Rist" {pain, rF- Int+7}
rCold    . . .     Gourm    .   (no shield)
rNeg     . . .     Faith    .   C - +1 robe of Sunlight {Regen+ rCorr MP+9}
rPois    .         Spirit   .   L - +2 hat {SInv}
rElec    .         Reflect  .   Y - +2 cloak
rCorr    +         Harm     .   (no gloves)
MR       ++...                  (no boots)
Stlth    ++........             H - amulet "Viffy" {Regen+ SInv}
HPRegen  1.06/turn              m - ring of protection from magic
MPRegen  0.30/turn              f - ring of protection from fire

@: lethally poisoned (-10 -> -11), constricted
A: no striking features
a: Receive Corpses, Torment, Renounce Religion


You were on level 2 of the Snake Pit.
You worshipped Kikubaaqudgha.
Kikubaaqudgha was exalted by your worship.
You were not hungry.

You visited 5 branches of the dungeon, and saw 26 of its levels.
You also visited: Labyrinth and Ice Cave.

You collected 3394 gold pieces.
You spent 2097 gold pieces at shops.

Inventory:

Hand Weapons
 g - the +9 scimitar "Bom Rist" (weapon) {pain, rF- Int+7}
   (You found it in an ice cave)

   In the hands of one skilled in necromantic magic, it inflicts extra damage on
   living creatures.
   It affects your intelligence (+7).
   It makes you vulnerable to fire.
Armour
 C - the +1 robe of Sunlight (worn) {Regen+ rCorr MP+9}
   (You bought it in a shop on level 8 of the Dungeon)

   It affects your magic capacity (+9).
   It increases your rate of regeneration.
   It protects you from acid and corrosion.
 L - a +2 hat of see invisible (worn)
 Y - a +2 cloak (worn)
Magical Staves
 y - an uncursed staff of energy
Jewellery
 e - an uncursed ring of protection from cold
 f - a ring of protection from fire (right hand)
 m - a ring of protection from magic (left hand)
 H - the amulet "Viffy" (around neck) {Regen+ SInv}
   (You found it on level 6 of the Lair of Beasts)

   [amulet of regeneration]

   It lets you see invisible.
   It increases your rate of regeneration.
Wands
 A - a wand of acid (49)
 D - a wand of digging (12)
 E - a wand of enslavement (7)
 I - a wand of iceblast (26)
 P - a wand of paralysis (30)
Scrolls
 a - 3 scrolls of amnesia
 h - 10 scrolls of remove curse
 r - 2 scrolls of enchant weapon
 x - 7 scrolls of immolation
 z - 3 scrolls of summoning
 J - a scroll of fear
 M - a scroll of magic mapping
 N - a scroll of enchant armour
 R - 2 scrolls of identify
 T - 14 scrolls of teleportation
 V - 2 scrolls of fog
 Z - a scroll of acquirement
Potions
 i - 6 potions of brilliance
 k - 4 potions of might
 n - 4 potions of heal wounds
 q - 5 potions of mutation {!q}
 s - 2 potions of flight
 w - 2 potions of haste
 B - 2 potions of cancellation
 G - 3 potions of invisibility
 O - 3 potions of magic
 Q - 6 potions of curing
 S - 7 potions of agility
 U - 2 potions of ambrosia
Books
 F - the Papyrus of Self-Improvement
   (You bought it in a shop on level 2 of the Orcish Mines)

   Spells                             Type                      Level
   a - Infusion                       Charms                       1
   b - Song of Slaying                Charms                       2
   c - Ozocubu's Armour               Charms/Ice                   3
   d - Deflect Missiles               Charms/Air                   6
   e - Ring of Flames                 Charms/Fire                  7
Miscellaneous
 l - a lightning rod (4/4)
 W - a sack of spiders
 X - a phial of floods
Comestibles
 j - 46 rations


   Skills:
 + Level 9.6 Fighting
 + Level 13.4 Dodging
 - Level 2.4 Stealth
 + Level 15.8 Spellcasting
 - Level 18.5 Necromancy
 - Level 10.2 Transmutations
 - Level 10.3 Earth Magic
 - Level 5.0 Evocations


You had 3 spell levels left.
You knew the following spells:

 Your Spells              Type           Power        Failure   Level  Hunger
a - Pain                  Necr           ####         0%          1    None
b - Borgnjor's Vile Clut  Necr/Erth      #######...   1%          5    None
c - Petrify               Tmut/Erth      #######.     1%          4    None
d - Infestation           Necr           ########..   4%          8    #####..
f - Deflect Missiles      Chrm/Air       ####......   91%         6    None
u - Dispel Undead         Necr           ########     1%          5    None
v - Vampiric Draining     Necr           ########..   0%          3    None
R - Regeneration          Chrm/Necr      #######...   1%          3    None
Y - Statue Form           Tmut/Erth      #######..    3%          6    None
Z - Sublimation of Blood  Necr           ########..   0%          2    None


Dungeon Overview and Level Annotations

Branches:
Dungeon (15/15)            Temple (1/1) D:4            Lair (6/6) D:9
  Swamp (0/4) Lair:2        Snake (2/4) Lair:4        Slime (0/5) Lair:6
    Orc (2/2) D:10            Elf (0/3) Orc:2        Vaults (0/5) D:14
 Depths (0/5) D:15

Altars:
Ashenzari
Cheibriados
Elyvilon
Fedhas
Gozag
Hepliaklqana
Kikubaaqudgha
Makhleb
Nemelex Xobeh
Okawaru
Qazlal
Ru
Sif Muna
Trog
Uskayaw
Vehumet
Wu Jian
Xom
Yredelemnul
Zin
The Shining One
Beogh

Shops:
D:5 !   D:8 *   Orc:1 ?   Orc:2 [:((


Message History

The +1 robe of Butt {Regen+ rCorr MP+9} unmelds from your body!
The naga warrior spits poison at you! The splash of poison misses you!
The naga warrior constricts you!
The naga warrior hits you with a butt!!!
The naga warrior hits you with a dire flail!!!!!!
The naga warrior constricts you!
You closely miss the naga warrior!
The naga warrior is heavily wounded!
The naga warrior hits you with a scimitar!!!!!!
The naga warrior hits you with a dire flail!!! * * * don't die * * * x2
The naga warrior constricts you! The naga warrior spits poison at you!
The butt of poison hits you!!!
You are poisoned! * * * don't die * * * x2
The naga warrior butts you!
The naga warrior hits you with a scimitar!!! rip Kikubaaqudgha rasps: "You have failed me!!!
Welcome!!! death!!!"

........... .......)...
# ...........#. #.
##............. ..
.............. ##.##
...........#..
##...N####...........##.
......N..##..........#.#
......N@.##............#
............#..........#
............########...#
.......................#
.............########.#.
#........##.## ####
###.....##### #######


You could see 2 naga warriors and a naga.

Vanquished Creatures
  Nikola (Lair:4)
  Gastronok (Lair:2)
  A frost giant (IceCv)
  A nagaraja (Snake:2)
  An orc warlord (Orc:1)
  A fire dragon (Lair:6)
  A minotaur (Lab)
  2 ice dragons
  2 hydras (Lair:5)
  2 anacondas (Snake:1)
  Erica (D:8)
  2 centaur warriors
  An ogre mage (D:15)
  2 death yaks (IceCv)
  11 two-headed ogres
  A naga sharpshooter (Snake:1)
  An orc high priest (Orc:2)
  A shadow wraith (D:14)
  2 unseen horrors
  A naga ritualist (Snake:1)
  Pikel (D:8)
  A necromancer (Lair:3)
  A lindwurm (Lair:6)
  2 orc knights
  3 wolf spiders
  4 ugly things (D:15)
  2 manticores
  A salamander (Snake:1)
  2 orc sorcerers
  4 cyclopes
  2 naga magi (Snake:1)
  An elephant (Lair:3)
  An ice statue (IceCv)
  4 guardian serpents
  3 centaur zombies
  18 black mambas
  5 torpor snails (Lair:6)
  A gargoyle (D:12)
  16 spiny frogs
  3 rime drakes
  3 kobold demonologists
  A freezing wraith (D:14)
  8 trolls
  A komodo dragon (Lair:2)
  8 hornets (Lair:6)
  15 polar bears
  3 meliai (D:15)
  4 tyrant leeches (Lair:6)
  3 blink frogs
  Prince Ribbit (D:6)
  10 hippogriffs
  3 slime creatures (Lair:5)
  5 dream sheep (Lair:6)
  A redback (Lair:6)
  2 shadows
  15 wyverns
  68 yaks
  5 hogs
  A steam dragon (D:12)
  Eustachio (D:4)
  A human (D:7)
  6 vampire mosquitoes
  2 basilisks
  Grum (D:8)
  2 hungry ghosts (D:10)
  2 wargs (Orc:1)
  4 nagas (Lair:4)
  An acid dragon (D:8)
  14 porcupines
  A slave (D:8)
  6 sky beasts
  23 water moccasins
  A hornet zombie (D:11)
  17 orc warriors
  3 ice beasts
  4 black bears
  2 phantoms
  10 ogres
  13 centaurs
  28 wolves
  2 eyes of draining
  5 big kobolds
  13 crocodiles
  14 bullfrogs
  A wyvern zombie (D:9)
  3 scorpions
  17 killer bees
  8 wights (D:11)
  9 howler monkeys
  4 electric eels (Lair:4)
  5 crimson imps
  A hound (D:5)
  A quasit (D:9)
  A gnoll shaman (D:9)
  20 orc priests
  2 jellies
  Crazy Yiuf (D:6)
  A bullfrog skeleton (D:5)
  4 centaur skeletons
  Jessica (D:2)
  Ijyb (D:3)
  Terence (D:3)
  17 orc wizards
  5 iguanas
  3 polar bear simulacra (Lair:3)
  15 worker ants
  2 yak simulacra (Lair:3)
  3 wolf simulacra (Lair:3)
  A hound zombie (D:3)
  2 worker ant zombies
  11 gnolls
  11 adders
  7 shadow imps
  An ooze (D:2)
  An adder zombie (D:8)
  3 adder skeletons
  4 worms
  7 leopard geckos
  80 orcs
  A ball python (D:5)
  2 giant cockroaches
  5 hobgoblins
  11 jackals
  8 quokkas
  3 bats
  4 frilled lizards
  5 goblins
  23 kobolds
  A leopard gecko zombie (D:5)
  2 quokka zombies
  6 rats
  3 river rat simulacra (Lair:3)
  3 fungi (Lair:5)
  4 plants
779 creatures vanquished.

Vanquished Creatures (collateral kills)
  Kirke (D:14)
  An ettin (Orc:2)
  An ice dragon (D:15)
  2 naga warriors (Snake:1)
  A two-headed ogre (D:15)
  4 orc high priests (Orc:2)
  A shock serpent (Snake:1)
  7 orc knights
  An orc sorcerer (Orc:1)
  A manticore (D:14)
  An ugly thing (D:15)
  2 mana vipers (Snake:1)
  A salamander (Snake:1)
  2 black mambas
  A komodo dragon (D:15)
  4 trolls
  3 slime creatures (D:15)
  A meliai (shapeshifter) (D:14)
  2 vampire mosquitoes (D:14)
  5 hogs (D:14)
  3 nagas (Snake:1)
  2 wargs
  An acid dragon (D:15)
  22 orc warriors
  A black bear (shapeshifter) (D:14)
  6 ogres
  22 orc priests
  6 orc wizards
  26 orcs
131 creatures vanquished.

Vanquished Creatures (others)
  A black mamba (Snake:1)
  A polar bear (IceCv)
  A necrophage (D:8)
  A bush (D:8)
  17 fungi (Lair:6)
  23 plants
44 creatures vanquished.

Grand Total: 954 creatures vanquished

Notes
Turn   | Place    | Note
-------+----------+-------------------------------------------
     0 | D:1      | Gorglomux the Deep Elf Necromancer began the quest for the Orb.
     0 | D:1      | Reached XP level 1. HP: 10/10 MP: 6/6
    93 | D:1      | Reached skill level 5 in Necromancy
   582 | D:2      | Reached XP level 2. HP: 8/15 MP: 3/8
  1343 | D:2      | Reached XP level 3. HP: 11/19 MP: 4/10
  1348 | D:2      | Learned a level 3 spell: Vampiric Draining
  1570 | D:2      | Noticed Jessica
  1578 | D:2      | Reached XP level 4. HP: 21/24 MP: 9/12
  1654 | D:2      | Killed Jessica
  1654 | D:2      | Reached skill level 6 in Necromancy
  1772 | D:2      | Reached XP level 5. HP: 18/28 MP: 3/14
  1779 | D:2      | Learned a level 5 spell: Borgnjor's Vile Clutch
  2496 | D:3      | Noticed Ijyb
  2502 | D:3      | Killed Ijyb
  2502 | D:3      | Reached skill level 1 in Earth Magic
  2678 | D:3      | Noticed Terence
  2683 | D:3      | Killed Terence
  2683 | D:3      | Reached skill level 6 in Spellcasting
  2883 | D:3      | Reached XP level 6. HP: 31/32 MP: 13/17
  2925 | D:3      | Found a faded altar of an unknown god.
  3132 | D:3      | Reached skill level 7 in Necromancy
  3137 | D:3      | Learned a level 3 spell: Regeneration
  3169 | D:3      | Found a blossoming altar of Fedhas.
  3294 | D:4      | Found a staircase to the Ecumenical Temple.
  3343 | Temple   | Entered the Ecumenical Temple
  3579 | D:4      | Noticed Eustachio
  3585 | D:4      | Killed Eustachio
  3585 | D:4      | Reached skill level 3 in Earth Magic
  3661 | D:4      | Reached XP level 7. HP: 19/36 MP: 13/19
  4455 | D:5      | Entered Level 5 of the Dungeon
  4779 | D:5      | Reached skill level 8 in Necromancy
  5225 | D:5      | Reached XP level 8. HP: 25/41 MP: 18/22
  5351 | D:5      | Found Jaanoh's Distillery.
  5354 | D:5      | Bought a potion of lignification for 36 gold pieces
  5354 | D:5      | Bought a potion of ambrosia for 96 gold pieces
  5354 | D:5      | Bought a potion of mutation for 96 gold pieces
  5354 | D:5      | Bought a potion of agility for 48 gold pieces
  5555 | D:6      | Noticed Prince Ribbit
  5565 | D:6      | Killed Prince Ribbit
  5565 | D:6      | Reached skill level 9 in Necromancy
  5712 | D:6      | Found a snail-covered altar of Cheibriados.
  5730 | D:6      | Reached skill level 9 in Spellcasting
  5883 | D:6      | Reached skill level 6 in Earth Magic
  6312 | D:6      | Found a hide-covered altar of Uskayaw.
  6312 | D:6      | Found an iron altar of Okawaru.
  6316 | D:6      | Reached XP level 9. HP: 45/45 MP: 18/24
  6385 | D:6      | Found a runed door.
  6456 | D:6      | Noticed Crazy Yiuf
  6459 | D:6      | Killed Crazy Yiuf
  6506 | D:7      | Reached skill level 10 in Necromancy
  6592 | D:7      | You fall through a shaft for 2 floors!
  6592 | D:9      | Noticed a two-headed ogre
  6607 | D:9      | Killed a two-headed ogre
  6699 | D:9      | Found a staircase to the Lair.
  6713 | D:9      | Found a radiant altar of Vehumet.
  6813 | D:8      | Noticed Erica
  6813 | D:8      | Reached skill level 11 in Necromancy
  6822 | D:8      | Killed Erica
  6822 | D:8      | Reached XP level 10. HP: 46/50 MP: 5/27
  7474 | D:7      | Reached skill level 9 in Earth Magic
  7481 | D:7      | Reached skill level 12 in Spellcasting
  7860 | D:8      | Noticed Pikel
  7863 | D:8      | Killed Pikel
  7863 | D:8      | Reached skill level 12 in Necromancy
  7948 | D:8      | Noticed Grum
  7961 | D:8      | Killed Grum
  8184 | D:8      | Reached XP level 11. HP: 16/54 MP: 5/30
  8229 | D:8      | Identified Sif Muna's Almanac of Lucky Summoning
  8318 | D:8      | Found an ornate altar of the Wu Jian Council.
  8318 | D:8      | Found an ancient bone altar of Kikubaaqudgha.
  8329 | D:8      | Became a worshipper of Kikubaaqudgha
  8355 | D:8      | Found Oguheqa's Assorted Antiques.
  8361 | D:8      | Bought a dull robe for 142 gold pieces
  8371 | D:8      | Identified the cursed +1 robe of Sunlight {Regen+ rCorr MP+9} (You bought it in a shop on level 8 of the Dungeon)
  8608 | D:9      | Reached skill level 1 in Evocations
  8609 | D:9      | Reached skill level 3 in Dodging
  8613 | D:9      | Reached skill level 1 in Fighting
  8790 | D:9      | Reached * piety under Kikubaaqudgha
  8790 | D:9      | Identified Kikubaaqudgha's Grimoire of Evil Rites {god gift} (Kikubaaqudgha gifted it to you on level 9 of the Dungeon)
  8790 | D:9      | Received a gift from Kikubaaqudgha
  8806 | D:9      | Learned a level 2 spell: Sublimation of Blood
  8823 | D:9      | Identified Ceiddyer's Compendium of Sinister Clay
  8869 | D:9      | Learned a level 6 spell: Statue Form
  9038 | D:9      | Reached skill level 1 in Transmutations
  9087 | D:9      | Reached skill level 3 in Evocations
  9389 | D:10     | Entered Level 10 of the Dungeon
  9523 | D:10     | Paralysed by fainting for 11 turns
  9634 | D:10     | Reached ** piety under Kikubaaqudgha
  9679 | D:10     | Found a staircase to the Orcish Mines.
  9896 | D:10     | Found a roughly hewn altar of Beogh.
 10093 | D:10     | Reached skill level 3 in Fighting
 10251 | D:10     | Reached *** piety under Kikubaaqudgha
 10251 | D:10     | Identified Kikubaaqudgha's Grimoire of Black Rites {god gift} (Kikubaaqudgha gifted it to you on level 10 of the Dungeon)
 10251 | D:10     | Received a gift from Kikubaaqudgha
 10393 | D:10     | Reached skill level 3 in Transmutations
 10756 | D:11     | Noticed a two-headed ogre
 10773 | D:11     | Killed a two-headed ogre
 10773 | D:11     | Reached skill level 6 in Dodging
 10780 | D:11     | Learned a level 5 spell: Dispel Undead
 11141 | D:11     | Reached XP level 12. HP: 66/66 MP: 26/31
 11492 | D:11     | Reached **** piety under Kikubaaqudgha
 11779 | Lair:1   | Entered Level 1 of the Lair of Beasts
 12072 | Lair:1   | Reached skill level 6 in Transmutations
 12736 | Lair:2   | Found a staircase to the Swamp.
 12892 | Lair:2   | Noticed Gastronok
 12899 | Lair:2   | Killed Gastronok
 13168 | Lair:2   | Reached skill level 9 in Dodging
 13325 | Lair:2   | Reached skill level 6 in Fighting
 13997 | Lair:3   | Found a frozen archway.
 14121 | IceCv    | Entered an ice cave
 14286 | IceCv    | Reached XP level 13. HP: 72/75 MP: 28/32
 14867 | IceCv    | Reached skill level 9 in Transmutations
 14868 | IceCv    | Reached ***** piety under Kikubaaqudgha
 14936 | IceCv    | Noticed a frost giant
 14945 | IceCv    | Killed a frost giant
 14965 | IceCv    | Got a slimy scimitar
 14966 | IceCv    | Identified the +9 scimitar "Bom Rist" {pain, rF- Int+7} (You found it in an ice cave)
 15556 | Lair:4   | Found a staircase to the Snake Pit.
 15707 | Lair:4   | Found a labyrinth entrance.
 15748 | Lab      | Entered a labyrinth
 15810 | Lab      | Noticed a minotaur
 15814 | Lab      | Killed a minotaur
 15818 | Lab      | Identified the Papyrus of the Mountains and Ignition
 15836 | Lab      | Learned a level 4 spell: Petrify
 15903 | Lab      | Identified a scroll of acquirement
 16722 | Lair:5   | Reached skill level 12 in Dodging
 16807 | Lair:5   | Reached skill level 13 in Necromancy
 17284 | Lair:6   | Entered Level 6 of the Lair of Beasts
 17287 | Lair:6   | Found a staircase to the Slime Pits.
 17293 | Lair:6   | Reached XP level 14. HP: 84/84 MP: 24/33
 17369 | Lair:6   | Identified the +7 bardiche of Might {holy, rN+} (You found it on level 6 of the Lair of Beasts)
 17549 | Lair:6   | Reached ****** piety under Kikubaaqudgha
 17553 | Lair:6   | Received a gift from Kikubaaqudgha
 17572 | Lair:6   | Learned a level 8 spell: Infestation
 17686 | Lair:6   | Reached skill level 9 in Fighting
 17816 | Lair:6   | Reached skill level 14 in Necromancy
 18011 | Lair:6   | Found a runed door.
 18114 | Lair:6   | Reached skill level 15 in Necromancy
 18156 | Lair:6   | Got a scorched brass amulet
 18171 | Lair:6   | Identified the amulet "Viffy" {Regen+ SInv} (You found it on level 6 of the Lair of Beasts)
 18977 | D:12     | Identified the cursed +1 short sword "Maohyeb" {pierce, rElec MR+ Dex+2} (You found it on level 12 of the Dungeon)
 19324 | D:12     | Reached skill level 16 in Necromancy
 20337 | D:14     | Noticed Kirke
 20346 | D:14     | Killed Kirke
 20346 | D:14     | Reached skill level 17 in Necromancy
 20346 | D:14     | Reached XP level 15. HP: 90/90 MP: 21/34
 20642 | D:14     | Found a gate to the Vaults.
 21010 | D:15     | Entered Level 15 of the Dungeon
 21187 | D:15     | Found a basalt altar of Yredelemnul.
 21262 | D:15     | Identified the Volume of Transmutation and the Volcanoes
 21453 | D:15     | Found a staircase to the Depths.
 21763 | Orc:1    | Entered Level 1 of the Orcish Mines
 21763 | Orc:1    | Found Cusa's Magic Scroll Emporium.
 21770 | Orc:1    | Reached skill level 18 in Necromancy
 21902 | Orc:1    | Bought a scroll of teleportation for 42 gold pieces
 21902 | Orc:1    | Bought a scroll of teleportation for 42 gold pieces
 21902 | Orc:1    | Bought a scroll of magic mapping for 49 gold pieces
 21902 | Orc:1    | Bought a scroll of vulnerability for 105 gold pieces
 22000 | Orc:2    | Entered Level 2 of the Orcish Mines
 22228 | Orc:2    | Found a staircase to the Elven Halls.
 22447 | Orc:2    | Found Onkaci's Weapon Shoppe.
 22450 | Orc:2    | Found Etuth's Weapon Shoppe.
 22451 | Orc:2    | Found Genamy's Book Shoppe.
 22452 | Orc:2    | Found Lifukh's Food Emporium.
 22455 | Orc:2    | Bought the Papyrus of Self-Improvement for 726 gold pieces
 22462 | Orc:2    | Learned a level 6 spell: Deflect Missiles
 22467 | Orc:2    | Bought a ration for 65 gold pieces
 22467 | Orc:2    | Bought a ration for 65 gold pieces
 22467 | Orc:2    | Bought a ration for 65 gold pieces
 22467 | Orc:2    | Bought a ration for 65 gold pieces
 22467 | Orc:2    | Bought a ration for 65 gold pieces
 22467 | Orc:2    | Bought a ration for 65 gold pieces
 22467 | Orc:2    | Bought a ration for 65 gold pieces
 22467 | Orc:2    | Bought a ration for 65 gold pieces
 22467 | Orc:2    | Bought a ration for 65 gold pieces
 22467 | Orc:2    | Bought a ration for 65 gold pieces
 22467 | Orc:2    | Bought a ration for 65 gold pieces
 22553 | Orc:2    | Found Xuub's Antique Armour Boutique.
 22702 | Orc:2    | Reached skill level 15 in Spellcasting
 22767 | Orc:1    | Found a roughly hewn altar of Beogh.
 22767 | Orc:1    | Noticed an orc warlord
 22772 | Orc:1    | Killed an orc warlord
 23211 | Snake:1  | Entered Level 1 of the Snake Pit
 23211 | Snake:1  | Noticed Nikola
 23219 | Lair:4   | Killed Nikola
 23928 | Snake:1  | Reached XP level 16. HP: 96/96 MP: 37/37
 24127 | Snake:2  | HP: 2/96 [naga warrior/dire flail (5)]
 24127 | Snake:2  | Mangled by a naga warrior

Vault maps used:
D:1:      dpeg_arrival_ternary
D:2:      uniq_jessica
D:3:      first_ration, chequers_ecumenical_altar_island, fedhas_altar_4,
          uniq_ijyb, uniq_terence
D:4:      nicolae_overflow_hidden_temple, minmay_temple_entry_grid,
          uniq_eustachio
D:5:      serial_shops, kennysheep_mini_moat
D:6:      lemuel_doored_altar, amethyst_overflow_temple_binary,
          minmay_misc_feat_nine_boxes, uniq_prince_ribbit1,
          uniq_crazy_yiuf_cottage
D:7:      grunt_livestock
D:8:      minmay_the_grid_octo_triangle, gammafunk_temple_overflow_wave,
          serial_shops, shop, grunt_ministairs_15, uniq_pikel, uniq_erica,
          uniq_grum
D:9:      minmay_lair_entry_grove, basic_altar
D:10:     minmay_orc_entry_temple_large, serial_column_ruins,
          column_ruins_corridor_straight, column_ruins_open_medium,
          column_ruins_columns_straight, column_ruins_columns_corner,
          column_ruins_columns_straight, column_ruins_columns_straight
D:11:     kennysheep_generic_room_16
D:14:     david_vaults_4, uniq_kirke
D:15:     grunt_enter_depths_hoard, yredelemnul_altar_generic
Temple:   nicolae_temple_elliptical
Lair:1:   patterned_corridor
Lair:2:   minmay_swamp_entry_swarm, lemuel_fruit_tree, serial_bayou_shore_b,
          uniq_gastronok
Lair:3:   portal_ice_cave_entry_pillars_1, st_stairs_11, eino_house_with_fridge
Lair:4:   minmay_snake_entry_guardpost_small, lab_entry_generic
Lair:5:   beast_lair_carwin_5
Lair:6:   hangedman_lair_tendril_chambers, wormcave, minmay_slime_entry_pillars
Snake:1:  nrook_guardian_serpent_snake_passage, uniq_nikola
Snake:2:  basic_altar
Orc:1:    basic_altar, serial_shops, nicolae_shop_competitors_out_of_business
Orc:2:    st_orc_pillars, serial_shops, shop_statue
Lab:      labyrinth_hidden_loot, nicolae_lab_grate_2, labyrinth_lava_lair
IceCv:    ice_cave_caverns_01

Skill      XL: |  1  2  3  4  5  6  7  8  9 10 11 12 13 14 15 |
---------------+----------------------------------------------+-----
Necromancy     | 5 6 7 8 9 11 12 13 17 18 | 18.5
Spellcasting   | 4 5 6 8 9 11 13 15 | 15.8
Earth Magic    | 1 3 4 6 8 10 | 10.3
Evocations     | 5 |  5.0
Dodging        | 6 9 12 13 | 13.4
Fighting       | 4 6 8 9 |  9.6
Transmutations | 4 8 10 | 10.2
Stealth        | |  2.4

Action                   |  1- 3 |  4- 6 |  7- 9 | 10-12 | 13-15 | 16-18 || total
-------------------------+-------+-------+-------+-------+-------+-------++-------
Melee: Unarmed           |     2 |       |       |    14 |       |       ||    16
       Dagger            |       |    71 |    83 |   304 |    83 |       ||   541
       Staff             |       |       |       |    85 |       |       ||    85
       Scimitar          |       |       |       |       |   533 |    12 ||   545
 Cast: Pain              |    46 |    85 |    27 |    79 |    29 |       ||   266
       Vampiric Draining |       |     1 |       |       |    11 |       ||    12
       Borgnjor's Vile C |       |     3 |    53 |   163 |    65 |       ||   284
       Regeneration      |       |       |     1 |     8 |     9 |       ||    18
       Dispel Undead     |       |       |       |     9 |     1 |       ||    10
       Statue Form       |       |       |       |     4 |    75 |     2 ||    81
       Sublimation of Bl |       |       |       |       |     2 |       ||     2
       Infestation       |       |       |       |       |    15 |     2 ||    17
       Petrify           |       |       |       |       |     2 |       ||     2
Invok: Receive Corpses   |       |       |       |       |     2 |       ||     2
       Receive Necronomi |       |       |       |       |     1 |       ||     1
       Torment           |       |       |       |       |     1 |       ||     1
Evoke: Wand              |       |       |       |     1 |       |       ||     1
  Use: Scroll            |       |       |     6 |    17 |    20 |       ||    43
       Potion            |       |       |       |     2 |       |       ||     2
 Stab: Sleeping          |       |     3 |     1 |     1 |     8 |       ||    13
       Distracted        |       |       |       |       |     4 |       ||     4
       Petrified         |       |       |       |       |     4 |       ||     4
  Eat: Chunk             |     2 |     7 |    19 |    37 |    44 |     1 ||   110
       Ration            |       |       |       |     4 |     3 |       ||     7
Armor: Robe              |     2 |    11 |    12 |    93 |    36 |       ||   154
       Skin              |       |       |       |    83 |   432 |    11 ||   526
Dodge: Dodged            |    10 |    39 |    64 |   380 |  1305 |    20 ||  1818
       Rpst.: Scimitar   |       |       |       |       |   309 |     3 ||   312

Table legend:
 A = Spawn XP
 B = Non-spawn XP
 C = Spawn XP percentage of total XP
 D = Spawn monster count
 E = Non-spawn monster count
 F = Spawn count percentage of total count
 G = Total turns spent on level
                    A         B        C        D         E        F      G
               +---------+---------+-------+---------+---------+-------+---------
         Total |       0 |  156506 |   0.0 |       0 |     902 |   0.0 | 24127
               +---------+---------+-------+---------+---------+-------+---------
           D:1 |       0 |      11 |   0.0 |       0 |       7 |   0.0 |   576
           D:2 |       0 |     214 |   0.0 |       0 |      34 |   0.0 |  1608
           D:3 |       0 |     223 |   0.0 |       0 |      29 |   0.0 |  1023
           D:4 |       0 |     510 |   0.0 |       0 |      19 |   0.0 |  1126
           D:5 |       0 |     748 |   0.0 |       0 |      19 |   0.0 |  1065
           D:6 |       0 |    1222 |   0.0 |       0 |      28 |   0.0 |   955
           D:7 |       0 |    1831 |   0.0 |       0 |      23 |   0.0 |   878
           D:8 |       0 |    5296 |   0.0 |       0 |      43 |   0.0 |   906
           D:9 |       0 |    5206 |   0.0 |       0 |      56 |   0.0 |  1252
          D:10 |       0 |    3017 |   0.0 |       0 |      56 |   0.0 |  1380
          D:11 |       0 |    6147 |   0.0 |       0 |      43 |   0.0 |  1071
          D:12 |       0 |    4102 |   0.0 |       0 |      27 |   0.0 |   691
          D:13 |       0 |    6877 |   0.0 |       0 |      27 |   0.0 |   596
          D:14 |       0 |    6544 |   0.0 |       0 |      29 |   0.0 |   989
          D:15 |       0 |   15616 |   0.0 |       0 |      31 |   0.0 |   659
        Lair:1 |       0 |    3087 |   0.0 |       0 |      15 |   0.0 |   812
        Lair:2 |       0 |    6412 |   0.0 |       0 |      24 |   0.0 |  1085
        Lair:3 |       0 |    3692 |   0.0 |       0 |      23 |   0.0 |   855
        Lair:4 |       0 |    9531 |   0.0 |       0 |      34 |   0.0 |   920
        Lair:5 |       0 |    6647 |   0.0 |       0 |      25 |   0.0 |   834
        Lair:6 |       0 |   22924 |   0.0 |       0 |      77 |   0.0 |  1270
       Snake:1 |       0 |   12243 |   0.0 |       0 |      27 |   0.0 |   804
       Snake:2 |       0 |    2977 |   0.0 |       0 |       4 |   0.0 |    95
         Orc:1 |       0 |    5921 |   0.0 |       0 |      48 |   0.0 |   499
         Orc:2 |       0 |    9739 |   0.0 |       0 |      97 |   0.0 |   770
           Lab |       0 |    1078 |   0.0 |       0 |       1 |   0.0 |   158
         IceCv |       0 |   14691 |   0.0 |       0 |      56 |   0.0 |  1107
               +---------+---------+-------+---------+---------+-------+---------
